 Dungeon Crawl Stone Soup version 0.31-a0-370-g25055926c8 (webtiles) character file.

Game seed: 8372926472175403167

488 Morbidden the Shooter (level 7, 0/52 HPs)
             Began as a Formicid Hunter on July 29, 2023.
             Slain by an ogre
             ... wielding a +0 giant club
              (6 damage)
             ... on level 5 of the Dungeon.
             The game lasted 00:02:40 (3793 turns).

Morbidden the Shooter (Formicid Hunter)             Turns: 3793, Time: 00:02:41

Health: 0/52       AC:  3    Str: 15    XL:     7   Next: 36%
Magic:  7/7        EV: 12    Int:  9    God:
Gold:   126        SH:  0    Dex: 19    Spells: 6/6 levels left

rFire   . . .        b - +2 dagger (venom)
rCold   . . .        (no shield)
rNeg    . . .        c - +0 leather armour
rPois   .            (helmet unavailable)
rElec   .            (cloak currently unavailable)
rCorr   .            (gloves currently unavailable)
SInv    +            (boots currently unavailable)
Will    .....        (no amulet)
Stlth   ++           (no ring)
HPRegen 0.28/turn    (no ring)
MPRegen 0.10/turn

%: no passive effects
@: beast-form
A: beast (slay +0), permanent stasis, dig shafts and tunnels, antennae 3, four
strong arms
a: Dig, Shaft Self, Begin Untransformation


You were on level 5 of the Dungeon.
You were a hulking beast.
You visited 1 branch of the dungeon, and saw 5 of its levels.

You collected 126 gold pieces.

Inventory:

Hand Weapons
 a - a +0 shortbow
 b - a +2 dagger of venom (weapon)
Missiles
 k - 5 javelins
Armour
 c - a +0 leather armour (worn)
Jewellery
 l - an amulet of faith
Talismans
 j - a beast talisman
Wands
 v - a wand of charming (5)
Scrolls
 e - a scroll of butterflies
 f - a scroll of enchant armour
 h - 6 scrolls of identify
 m - 5 scrolls of teleportation {unknown}
 q - a scroll of immolation {unknown}
 r - a scroll of enchant weapon {unknown}
 s - a scroll of poison {unknown}
 u - a scroll of blinking {unknown}
 x - a scroll of amnesia {unknown}
 y - a scroll of fog {unknown}
 z - a scroll of silence {unknown}
Potions
 d - a potion of brilliance
 g - a potion of enlightenment {unknown}
 i - a potion of invisibility {unknown}
 n - 2 potions of heal wounds {unknown}
 o - 5 potions of cancellation {unknown}
 p - a potion of degeneration {unknown}
 t - a potion of haste {unknown}
 w - 2 potions of might {unknown}


   Skills:
 * Level 3.1 Fighting
 + Level 1.3(1.9) Short Blades
 * Level 1.9(2.2) Long Blades
 * Level 6.2 Ranged Weapons
 * Level 2.9 Armour
 * Level 2.5 Dodging
 + Level 1.2 Stealth
 * Level 1.4 Shapeshifting


You had 6 spell levels left.
You didn't know any spells.
Your spell library contained the following spells:

 Spells                   Type           Power      Damage    Failure   Level
 Sublimation of Blood     Necr           0%         N/A       58%         2
 Petrify                  Tmut/Erth      0%         N/A       99%         4
 Irradiate                Conj/Tmut      0%         3d11      100%        5


Dungeon Overview and Level Annotations

Branches:
Dungeon (5/15)
 Temple: D:4-7

Altars:
Xom


Innate Abilities, Weirdness & Mutations

You are a hulking beast.
Your limbs bulge with bestial killing power. (Slay +0)
You cannot be hasted, slowed, berserked, paralysed or teleported.
You can dig through walls and to a lower floor.
You have a pair of large antennae on your head. (SInv)
Your four strong arms can wield two-handed weapons with a shield.


Message History

No target in view!
No target in view!
No target in view!
You sense a monster nearby.
No target in view!
You sense a monster nearby.
No target in view!
No target in view!
An ogre comes into view. It is wielding a +0 giant club.
You shoot an arrow. The arrow hits the ogre.
The ogre shouts!
The ogre is lightly wounded.
You shoot an arrow. The arrow barely misses the ogre.
An ogre is nearby!
You shoot an arrow. The arrow hits the ogre.
The ogre is moderately wounded.
The ogre hits you with a +0 giant club!!
Ouch! That really hurt!
Unknown command.
Your +2 dagger of venom begins to drip with poison!
b - a +2 dagger of venom (weapon)
You are too injured to fight recklessly!
Unknown command.
You are too injured to fight recklessly!
Unknown command.
You are too injured to fight recklessly!
You hit the ogre.
The ogre is poisoned.
The ogre is moderately wounded.
The ogre hits you with a +0 giant club!
* * * LOW HITPOINT WARNING * * *
You barely miss the ogre.
The ogre is heavily wounded.
Unknown command.
Unknown command.
Okay, then.
Aiming: Charm
Press: ? - help, Shift-Dir - straight line, f/p - ogre
Aim: an ogre, wielding a +0 giant club (heavily wounded, very poisoned, chance to affect: 49%)
The ogre resists with some effort.
The ogre hits you with a +0 giant club.
You die...

# ########.####
#.#.....O......
#....#.h##
#.....##
{#.#.#..## #
#.##..## { #.
##..## #...
##..######.#
{#.##
#...........
###.#
#...######.#
...# ##..##


You could see an ogre (very poisoned).

Vanquished Creatures
  Sigmund (D:4)
  An ogre (D:5)
  A scorpion (D:5)
  A jelly (D:4)
  A hound (D:5)
  A gnoll (D:4)
  5 adders
  A shadow imp (D:5)
  A worm (D:4)
  4 dart slugs
  An orc (D:3)
  12 ball pythons
  2 endoplasms
  2 giant cockroaches (D:1)
  10 goblins
  5 hobgoblins
  3 jackals (D:1)
  7 kobolds
  4 quokkas
  3 bats
  3 frilled lizards (D:1)
  2 rats
71 creatures vanquished.

Notes
Turn   | Place    | Note
-------+----------+-------------------------------------------
     0 | D:1      | Morbidden the Formicid Hunter began the quest for the Orb.
     0 | D:1      | Reached XP level 1. HP: 16/16 MP: 1/1
   113 | D:1      | Reached XP level 2. HP: 20/22 MP: 2/2
   451 | D:1      | Reached XP level 3. HP: 28/28 MP: 3/3
  1159 | D:2      | Reached skill level 5 in Ranged Weapons
  1219 | D:2      | Found a shimmering altar of Xom.
  1351 | D:2      | Reached XP level 4. HP: 34/34 MP: 4/4
  1556 | D:2      | Found a faded altar of an unknown god.
  2045 | D:3      | Reached skill level 1 in Long Blades
  2477 | D:3      | Reached XP level 5. HP: 39/39 MP: 5/5
  2645 | D:4      | Reached skill level 1 in Armour
  2646 | D:4      | Noticed Sigmund
  2674 | D:4      | Killed Sigmund
  2675 | D:4      | Reached skill level 1 in Short Blades
  2675 | D:4      | Reached XP level 6. HP: 26/46 MP: 6/6
  3301 | D:5      | Entered Level 5 of the Dungeon
  3304 | D:5      | Reached skill level 1 in Shapeshifting
  3565 | D:5      | Reached skill level 6 in Ranged Weapons
  3565 | D:5      | Reached XP level 7. HP: 52/52 MP: 7/7
  3793 | D:5      | Slain by an ogre

Illustrated notes

Levels and vault maps discovered:
D:1:      mrwooster_arrival_statue_2, layout_basic, serial_bayou,
          serial_bayou_lake_a, serial_bayou_lagoon_a, serial_bayou_crossing,
          serial_bayou_pond_d, lexackson_kobold_supper
D:2:      layout_basic, basic_altar, hellmonk_ecumenical_altar_leap_of_faith
D:3:      layout_loops_ring, minmay_misc_feat_iff
D:4:      minmay_door_path, layout_basic, uniq_sigmund
D:5:      layout_loops_ring, minmay_parallelograms, grunt_tough_drop

Skill      XL: |  1  2  3  4  5  6 |
---------------+-------------------+-----
Ranged Weapons | 5 6 |  6.2
Dodging        | 2 |  2.5
Long Blades    | 1 |  1.9
Armour         | 2 |  2.9
Short Blades   | 1 |  1.3
Shapeshifting  | 1 |  1.4
Fighting       | 3 |  3.1
Stealth        | |  1.2

Action                     |  1- 3 |  4- 6 |  7- 9 || total
---------------------------+-------+-------+-------++-------
  Melee: Dagger            |       |    30 |     7 ||    37
         Punch             |       |     1 |       ||     1
   Fire: Shortbow          |    79 |    71 |    12 ||   162
  Evoke: Wand              |       |       |     1 ||     1
    Use: Scroll            |     2 |       |       ||     2
 Armour: Leather armour    |     8 |     8 |       ||    16
  Dodge: Dodged            |    12 |    28 |     8 ||    48
   Form: Beast             |     1 |       |       ||     1

Table legend: (Time is in decaauts)
 A = Elapsed time spent in this place.
 B = Non-inter-level travel time spent in this place.
 C = Inter-level travel time spent in this place.
 D = Time resting spent in this place.
 E = Time spent auto-exploring this place.
 F = Levels seen in this place.
 G = Mean time per level.
                   A        B        C        D        E       F      G
               +--------+--------+--------+--------+--------+-----+--------+
         Total |   3885 |   3717 |    168 |    276 |   2979 |   5 |  777.0 |
       Dungeon |   3885 |   3717 |    168 |    276 |   2979 |   5 |  777.0 |
               +--------+--------+--------+--------+--------+-----+--------+

Top non-repeatable levels by time:
     D:1: 1182 daAuts
     D:4: 890 daAuts
     D:2: 845 daAuts
     D:3: 674 daAuts
     D:5: 292 daAuts
